 Dungeon Crawl Stone Soup version 0.30-a0-778-g2ef04afb54 (webtiles) character file.

Game seed: 4235214598625500838

809 sircluck the Covered (level 7, -1/61 HPs)
             Began as a Minotaur Fighter on Feb 16, 2023.
             Slain by an orc
             ... wielding a +0 short sword
              (4 damage)
             ... on level 8 of the Dungeon.
             The game lasted 00:05:09 (3721 turns).

sircluck the Covered (Minotaur Fighter)             Turns: 3721, Time: 00:05:10

Health: -1/61      AC:  7    Str: 22    XL:     7   Next: 61%
Magic:  6/6        EV: 10    Int:  5    God:
Gold:   271        SH:  4    Dex: 10    Spells: 6/6 levels left

rFire   . . .      SeeInvis .    d - +5 falchion (freeze)
rCold   . . .      Faith    .    c - +0 buckler
rNeg    . . .      Spirit   .    b - +0 scale mail
rPois   .          Reflect  .    (helmet restricted)
rElec   .          Harm     .    (no cloak)
rCorr   .          Rampage  .    (no gloves)
Will    .....                    (no boots) Stlth
                                 (no amulet)
HPRegen 0.30/turn                i - ring of flight
MPRegen 0.10/turn                (no ring)

@: flying, slowed, very slow
A: horns 2, retaliatory headbutt
a: no special abilities


You were on level 8 of the Dungeon.
You visited 1 branch of the dungeon, and saw 6 of its levels.

You collected 271 gold pieces.

Inventory:

Hand Weapons
 a - a +0 war axe
 d - a +5 falchion of freezing (weapon)
 f - a +2 dagger of venom
 y - a +3 hand axe
Missiles
 j - 26 stones (quivered)
 x - 3 atropa-tipped darts
Armour
 b - a +0 scale mail (worn)
 c - a +0 buckler (worn)
Jewellery
 i - a ring of flight (left hand)
 A - an amulet of magic regeneration
Wands
 v - a wand of digging (3)
 C - a wand of iceblast (5)
Scrolls
 g - a scroll of immolation {unknown}
 k - 3 scrolls of teleportation {unknown}
 m - a scroll of enchant armour {unknown}
 p - 2 scrolls of blinking {unknown}
 q - a scroll of silence {unknown}
 s - 4 scrolls of identify {unknown}
 t - a scroll of torment {unknown}
 u - a scroll of magic mapping {unknown}
 D - 2 scrolls of enchant weapon {unknown}
 E - a scroll of amnesia {unknown}
Potions
 e - 6 potions of curing {unknown}
 h - 2 potions of flight {unknown}
 l - 2 potions of brilliance {unknown}
 n - a potion of resistance {unknown}
 o - 2 potions of lignification {unknown}
 r - 2 potions of haste {unknown}
 w - a potion of mutation {unknown}
 z - a potion of might
 B - a potion of magic {unknown}


   Skills:
 + Level 5.5 Fighting
 * Level 5.0 Long Blades
 + Level 5.4 Axes
 + Level 6.0 Armour
 + Level 2.1 Dodging
 + Level 0.1 Stealth
 + Level 4.2 Shields


You had 6 spell levels left.
You didn't know any spells.
Your spell library contained the following spells:

 Spells                   Type           Power      Damage    Failure   Level
 Slow                     Hex            0%         N/A       86%         1
 Lesser Beckoning         Tloc           0%         N/A       95%         2
 Confusing Touch          Hex            0%         N/A       99%         3
 Gell's Gravitas          Tloc           0%         N/A       99%         3
 Teleport Other           Tloc           0%         N/A       99%         3
 Vampiric Draining        Necr           0%         2d6       99%         3


Dungeon Overview and Level Annotations

Branches:
Dungeon (5/15)
 Temple: D:4-7

Altars:
Fedhas
Hepliaklqana
Kikubaaqudgha
Wu Jian


Innate Abilities, Weirdness & Mutations

You have a pair of horns on your head.
You reflexively headbutt those who attack you in melee.


Message History

The hornet is lightly wounded.
The hornet stings you!
You feel yourself slow down. You block the hornet's attack.
The orc priest hits you with a +0 war axe.
You barely miss the hornet. Your headbutt misses the hornet.
The hornet is lightly wounded.
You block the hornet's attack. You block the orc priest's attack.
The hornet stings you.
You suddenly lose the ability to move!
The hornet stings you.
You feel as though you will be slow longer.
The orc hits you but does no damage.
The orc priest hits you with a +0 war axe!
The hornet stings you!
You feel as though you will be slow longer.
The orc hits you but does no damage.
The orc priest hits you with a +0 war axe.
The hornet barely misses you.
You can move again.
You miss the hornet.
The hornet is lightly wounded.
The hornet stings you.
You feel as though you will be slow longer.
The orc barely misses you. You block the orc priest's attack.
The hornet stings you!
* * * LOW HITPOINT WARNING * * *
You feel as though you will be slow longer.
You block the orc's attack.
The orc priest hits you with a +0 war axe.
* * * LOW HITPOINT WARNING * * *
The hornet stings you!
* * * LOW HITPOINT WARNING * * *
You feel as though you will be slow longer.
Aiming: Iceblast
Press: ? - help, Q - select action, (/) - cycle Shift-Dir - straight line The mass of ice explodes!
The iceblast engulfs the hornet!
The hornet is heavily wounded.
You hear a croak.
You hear a shout!
The hornet completely misses you. You furiously retaliate!
You headbutt the hornet. The orc hits you with a +0 short sword.
You die...

#.........#.#..#
#............#.#..#
#............#....#####
..... #.....#.##..[...
....###.......########
........#...#.########
#......###........#
#....############.#
#o@y.....# #####.#
#..ooo###.?..# #......
#...## ....# #.###.#
.... ..y.# #.# #.# ...
....# #.###.# .. .....#
#.....# . ...#.#
#######


You could see a hornet, an orc priest and 3 orcs.

Vanquished Creatures
  Eustachio (D:4)
  A phantom (D:4)
  3 wights (D:3)
  A hound (D:4)
  A gnoll bouda (D:4)
  Ijyb (D:4)
  Jessica (D:3)
  An iguana (D:4)
  An orc wizard (D:4)
  5 gnolls (D:4)
  6 adders
  4 river rats (D:4)
  A shadow imp (D:4)
  2 worms
  A dart slug (D:3)
  13 orcs
  9 ball pythons
  5 endoplasms
  4 giant cockroaches
  5 hobgoblins
  16 jackals
  8 kobolds
  4 quokkas
  2 bats
  2 frilled lizards (D:1)
  12 goblins
  3 rats
113 creatures vanquished.

Notes
Turn   | Place    | Note
-------+----------+-------------------------------------------
     0 | D:1      | sircluck the Minotaur Fighter began the quest for the Orb.
     0 | D:1      | Reached XP level 1. HP: 19/19 MP: 0/0
   287 | D:1      | Reached XP level 2. HP: 27/27 MP: 1/1
   477 | D:1      | Reached skill level 4 in Armour
  1125 | D:2      | Reached XP level 3. HP: 33/34 MP: 2/2
  1421 | D:3      | Found a hazy altar of Hepliaklqana.
  1421 | D:3      | Found a blossoming altar of Fedhas.
  1438 | D:3      | Found an ancient bone altar of Kikubaaqudgha.
  1650 | D:3      | Reached XP level 4. HP: 39/41 MP: 3/3
  1803 | D:3      | Reached skill level 1 in Dodging
  1850 | D:3      | Reached XP level 5. HP: 34/47 MP: 4/4
  1909 | D:3      | Reached skill level 5 in Fighting
  1958 | D:3      | Reached skill level 5 in Armour
  2151 | D:3      | Noticed Jessica
  2155 | D:3      | Killed Jessica
  2156 | D:3      | Reached skill level 5 in Axes
  2156 | D:3      | Reached XP level 6. HP: 55/56 MP: 5/5
  2358 | D:4      | Reached skill level 1 in Long Blades
  2460 | D:4      | Noticed Eustachio
  2474 | D:4      | Killed Eustachio
  2475 | D:4      | Reached XP level 7. HP: 35/61 MP: 6/6
  2823 | D:4      | Noticed Ijyb
  2834 | D:4      | Killed Ijyb
  3100 | D:4      | Found an ornate altar of the Wu Jian Council.
  3233 | D:4      | Reached skill level 6 in Armour
  3455 | D:4      | Reached skill level 5 in Long Blades
  3641 | D:5      | Entered Level 5 of the Dungeon
  3648 | D:5      | You are sucked into a shaft and drop 3 floors!
  3657 | D:8      | Identified the +1 chain mail of the Seven Blessings {Will-
                  | Str+7}
  3710 | D:8      | Noticed a hornet
  3717 | D:8      | Paralysed by a hornet for 3 turns
  3720 | D:8      | HP: 2/61 [hornet (10)]
  3721 | D:8      | Slain by an orc

Illustrated notes

Levels and vault maps discovered:
D:1:      amcnicky_arrival_blooded_trapdoor, layout_basic, serial_bayou_lake_a
D:2:      minmay_spotlight, layout_rooms
D:3:      layout_basic, minmay_overflow_temple_star_quad, uniq_jessica
D:4:      layout_basic, lemuel_doored_altar, portal_sewer_entry_e,
          grunt_ministairs_5, uniq_eustachio, uniq_ijyb
D:5:      layout_layer_cave, uniq_blork_the_orc, uniq_menkaure
D:8:      layout_basic, hangedman_feature_mirror

Skill      XL: |  1  2  3  4  5  6  7 |
---------------+----------------------+-----
Armour         | 4 5 6 |  6.0
Fighting       | 4 5 |  5.5
Axes           | 3 4 5 |  5.4
Dodging        | 1 2 |  2.1
Shields        | 4 |  4.2
Long Blades    | 2 5 |  5.0
Stealth        | |  0.1

Action                     |  1- 3 |  4- 6 |  7- 9 || total
---------------------------+-------+-------+-------++-------
  Melee: War axe           |    68 |    55 |       ||   123
         Headbutt          |     7 |    17 |    12 ||    36
         Falchion          |       |    42 |    88 ||   130
  Evoke: Wand              |       |       |     1 ||     1
    Use: Potion            |       |     1 |       ||     1
 Armour: Scale mail        |    45 |    35 |    30 ||   110
  Dodge: Dodged            |    35 |    50 |    38 ||   123
  Block: Buckler           |     6 |    24 |    23 ||    53

Table legend: (Time is in decaauts)
 A = Elapsed time spent in this place.
 B = Non-inter-level travel time spent in this place.
 C = Inter-level travel time spent in this place.
 D = Time resting spent in this place.
 E = Time spent auto-exploring this place.
 F = Levels seen in this place.
 G = Mean time per level.
                   A        B        C        D        E       F      G
               +--------+--------+--------+--------+--------+-----+--------+
         Total |   3826 |   3693 |    133 |    153 |   2862 |   6 |  637.7 |
       Dungeon |   3826 |   3693 |    133 |    153 |   2862 |   6 |  637.7 |
               +--------+--------+--------+--------+--------+-----+--------+

Top non-repeatable levels by time:
     D:4: 1411 daAuts
     D:1: 930 daAuts
     D:3: 868 daAuts
     D:2: 537 daAuts
     D:8: 74 daAuts
     D:5: 5 daAuts
